Map: Abyssal Reef LE

Players

Theb

  • Race: Terran Terran
  • League: Diamond
  • Spawn Location: 11:00

BucketHeaD - Winner!

  • Race: Zerg Zerg
  • League: Master
  • Spawn Location: 5:00

VOD

Have the link to the VOD?

Description

Time

  • Played on: March 12, 2017, 3:47 p.m.
  • Length: 12:32
Show
View Real Time Build Order
Export as new Build Order

Theb Terran 

Build Orders: Reaper Expand, MMM Bio 

Get SALT Encoding   

  12  0:00  SCV  
  13  0:12  SCV  
  14  0:17  Supply Depot  
  14  0:24  Refinery  
  14  0:29  SCV  
  15  0:42  SCV  
  16  0:46  Barracks  
  16  0:54  SCV  
  17  1:06  SCV  
  18  1:18  SCV  
  19  1:35  Reaper, Orbital Command  
  20  1:46  Command Center  
  20  1:59  Factory  
  20  2:01  SCV  
  21  2:14  SCV, Barracks Reactor  
  22  2:17  Supply Depot  
  22  2:35  SCV  
  23  2:37  Refinery  
  22  2:47  SCV  
  22  2:50  Starport  
  23  2:59  SCV, Hellion  
  23  3:00  Barracks Tech Lab, Hellion  
  23  3:03  Orbital Command  
  28  3:11  SCV  
  29  3:23  SCV  
  30  3:27  Hellion  
  30  3:30  SCV, Barracks Tech Lab  
  30  3:32  Hellion  
  35  3:35  SCV  
  35  3:42  SCV  
  35  3:45  Raven  
  35  3:47  SCV  
  35  3:48  Supply Depot  
  38  3:52  Marine  
  38  3:54  SCV  
  40  3:56  Hellion  
  40  4:00  Hellion  
  40  4:01  SCV  
  45  4:06  SCV  
  46  4:11  Supply Depot  
  46  4:13  SCV  
  47  4:17  Marine  
  47  4:19  SCV  
  49  4:28  Barracks  
  49  4:34  SCV x2  
  49  4:35  Marine  
  49  4:36  Stimpack  
  52  4:39  Factory Reactor  
  52  4:43  Raven  
  54  4:46  SCV  
  54  4:47  SCV  
  54  4:50  Supply Depot  
  56  4:53  Marine, Supply Depot  
  57  5:00  SCV  
  57  5:01  SCV  
  57  5:02  Barracks  
  59  5:10  Marine  
  59  5:12  SCV  
  61  5:19  SCV  
  61  5:20  Command Center  
  61  5:21  Supply Depot  
  62  5:23  Marine x2  
  62  5:24  SCV  
  65  5:28  Marine  
  65  5:32  SCV  
  65  5:35  Factory Reactor  
  67  5:36  SCV  
  67  5:39  Starport Reactor  
  68  5:44  SCV, Marine x2, Supply Depot  
  68  5:46  Marine  
  68  5:48  Engineering Bay  
  68  5:49  Engineering Bay  
  72  5:54  SCV  
  73  5:59  Barracks  
  73  6:02  Refinery  
  73  6:03  SCV, Marine, Barracks  
  73  6:04  Marine x3, Refinery  
  75  6:05  Marine  
  75  6:06  SCV  
  75  6:07  Supply Depot  
  80  6:12  Widow Mine x2  
  80  6:15  SCV  
  85  6:18  SCV  
  85  6:23  Terran Infantry Weapons Level 1  
  85  6:25  Terran Infantry Armor Level 1  
  86  6:27  SCV  
  86  6:31  SCV  
  88  6:35  Marine x4  
  88  6:39  SCV  
  93  6:42  Marine  
  93  6:43  Medivac, SCV, Widow Mine x2  
  89  6:48  Supply Depot  
  89  6:52  SCV, Marine  
  89  6:53  Barracks Reactor x2, Marine  
  92  6:58  Marine x2, Supply Depot  
  92  7:00  Marine  
  92  7:01  Medivac  
  97  7:10  Marine  
  97  7:14  Orbital Command, SCV  
  97  7:15  SCV  
  100  7:16  Marine  
  100  7:17  Marine x2  
  100  7:18  Marine  
  100  7:19  Medivac  
  106  7:24  Widow Mine, Supply Depot  
  106  7:26  Widow Mine  
  106  7:27  SCV  
  106  7:29  Combat Shields  
  111  7:36  Orbital Command  
  111  7:41  Marine x2  
  111  7:42  Marine x6  
  119  7:49  Marine  
  120  7:53  SCV  
  120  7:54  SCV  
  120  7:56  Armory  
  122  7:59  Marine x3, Supply Depot x2  
  122  8:00  Marine  
  111  8:21  Marine x2  
  111  8:22  Marine x2  
  99  8:31  Marine x3  
  100  8:36  Marine x2  
  100  8:39  Marine  
  100  8:41  Marine x3, Widow Mine  
  104  8:42  Medivac x2, Widow Mine  
  104  8:43  Terran Infantry Weapons Level 2, Terran Infantry Armor Level 2  
  114  8:49  Marine x3  
  114  8:51  SCV x2  
  114  8:52  SCV, Barracks x2  
  114  8:54  Marine x2  
  122  8:59  Barracks  
  122  9:03  SCV x2, Marine x2  
  122  9:04  SCV, Marine x2  
  122  9:06  Marine  
  122  9:07  Marine  
  122  9:08  Marine, Supply Depot  
  132  9:10  Factory  
  132  9:11  Marine  
  132  9:12  Marine  
  132  9:15  SCV  
  132  9:16  SCV x2  
  137  9:21  Marine x3  
  137  9:22  Marine  
  141  9:25  Marine  
  141  9:26  Marine x2  
  141  9:29  Marine x2  
  146  9:39  Marine x4  
  146  9:43  Marine x2  
  146  9:44  Marine  
  143  9:46  Marine x2  
  143  9:47  Marine x3  
  146  9:57  Marine x4  
  150  10:01  Marine x2  
  150  10:02  SCV x3, Marine  
  150  10:03  Factory Tech Lab  
  150  10:04  Marine x3  
  150  10:05  Marine  
  154  10:09  Marine  
  156  10:14  SCV, Marine  
  156  10:15  Marine x2  
  156  10:17  Command Center  
  159  10:26  Marine x3  
  159  10:27  Marine x3  
  165  10:36  Marine x4, Widow Mine x2  
  165  10:37  Marine x2  
  165  10:39  Widow Mine  
  158  10:44  Marine x4  
  158  10:47  Marine x2  
  138  10:54  Marine x4  
  138  10:55  Marine x2  
  135  10:58  Medivac x2  
  135  11:02  Marine x4  
  143  11:05  Marine x2, Widow Mine x2  
  143  11:07  Supply Depot  
  143  11:08  Supply Depot  
  148  11:12  Marine x2  
  148  11:18  Marine x4  
  147  11:19  Marine  
  147  11:24  Missile Turret  
  149  11:25  Missile Turret  
  149  11:31  Marine  
  149  11:32  Marine x4  
  152  11:40  Missile Turret  
  152  11:41  Missile Turret  
  151  11:47  Widow Mine x3  
  151  11:51  Marine x6  
  151  11:52  Marine  
  163  11:58  Marine x3  
  163  11:59  Marine x2  
  166  12:08  Marine  
  166  12:09  Marine x2  
  166  12:13  Marine x2  
Show
View Real Time Build Order
Export as new Build Order

BucketHeaD Zerg - Winner!

Build Orders: Hatch First, Muta Ling Bane 

Get SALT Encoding   

  12  0:01  Drone  
  13  0:13  Overlord  
  13  0:22  Drone  
  13  0:26  Drone, Extractor  
  15  0:32  Drone  
  15  0:35  Drone  
  17  0:55  Hatchery  
  16  0:57  Drone  
  16  1:00  Drone  
  16  1:03  Extractor  
  17  1:17  Spawning Pool  
  16  1:20  Drone  
  16  1:24  Drone  
  18  1:28  Drone  
  19  1:39  Overlord  
  19  1:50  Drone  
  20  2:06  Zergling x2, Metabolic Boost, Queen  
  20  2:08  Zergling x2  
  24  2:12  Queen  
  26  2:22  Drone x2  
  28  2:23  Drone  
  29  2:34  Drone  
  29  2:35  Drone  
  31  2:44  Hatchery  
  31  2:47  Drone  
  31  2:48  Drone  
  32  2:55  Queen  
  34  2:59  Overlord  
  34  3:02  Drone  
  35  3:06  Drone  
  36  3:18  Drone x2  
  36  3:19  Drone x4  
  42  3:22  Overlord  
  42  3:33  Queen  
  44  3:37  Overlord  
  44  3:38  Overlord, Extractor  
  43  3:42  Drone  
  43  3:43  Drone x2  
  46  3:53  Drone x4  
  50  4:02  Drone x3  
  53  4:03  Drone  
  53  4:04  Drone x2  
  56  4:16  Baneling Nest  
  55  4:21  Zergling x10  
  60  4:31  Queen  
  60  4:32  Queen  
  64  4:45  Evolution Chamber  
  63  4:46  Evolution Chamber  
  63  4:49  Zergling x8  
  63  4:50  Zergling x8  
  63  4:52  Drone x3  
  73  4:54  Lair  
  73  4:59  Overlord x2  
  73  5:02  Overlord  
  73  5:07  Overlord  
  73  5:11  Zerg Melee Weapons Level 1  
  73  5:23  Spine Crawler  
  73  5:24  Spore Crawler, Drone  
  73  5:25  Drone x5  
  77  5:32  Overlord  
  77  5:34  Drone  
  78  5:38  Drone x2  
  78  5:41  Drone x2  
  82  5:44  Drone x2  
  82  5:49  Drone  
  86  5:50  Drone x4  
  86  5:56  Baneling x4  
  86  5:57  Baneling x4  
  89  5:58  Overlord x2  
  89  6:02  Centrifical Hooks  
  89  6:07  Overlord x2  
  89  6:13  Zerg Ground Armor Level 1, Extractor x2  
  89  6:14  Drone x3  
  89  6:15  Drone x2  
  92  6:18  Drone  
  92  6:24  Drone x6  
  98  6:26  Extractor  
  98  6:27  Extractor  
  96  6:35  Overlord x2  
  96  6:41  Drone x5  
  99  6:54  Zergling x16, Hatchery  
  99  6:57  Baneling x8  
  106  7:02  Spire  
  106  7:05  Zergling x12  
  106  7:06  Hatchery  
  110  7:10  Zergling x2  
  110  7:11  Zerg Melee Weapons Level 2  
  111  7:18  Baneling x6  
  111  7:19  Baneling  
  111  7:21  Zergling x6  
  114  7:34  Zergling x8  
  114  7:35  Zergling x12  
  124  7:37  Baneling x12  
  123  7:45  Pneumatized Carapace  
  123  7:46  Overseer  
  123  7:52  Drone x5  
  123  7:54  Drone x2  
  123  7:57  Drone x3  
  134  7:58  Drone x2  
  135  8:07  Zergling x6  
  122  8:22  Zergling x10  
  119  8:35  Zergling x2  
  119  8:36  Zergling x16  
  119  8:38  Baneling x6  
  126  8:42  Queen  
  126  8:43  Extractor x2  
  126  8:44  Zerg Flyer Weapons Level 1  
  126  8:47  Zerg Ground Armor Level 2  
  126  8:49  Zergling x2  
  126  8:50  Zergling x16  
  135  8:57  Mutalisk x2  
  135  9:01  Overseer  
  139  9:03  Mutalisk x4  
  139  9:06  Zergling x2  
  139  9:07  Hatchery  
  147  9:18  Queen  
  145  9:31  Zergling x2  
  145  9:32  Zergling x30  
  145  9:36  Mutalisk  
  163  9:44  Zergling x14  
  161  9:49  Zergling x2  
  160  9:52  Mutalisk  
  162  10:00  Mutalisk x2  
  162  10:03  Overlord x6  
  161  10:11  Baneling  
  161  10:12  Baneling x17  
  161  10:13  Mutalisk  
  161  10:14  Mutalisk x2  
  162  10:18  Zergling x2  
  162  10:19  Zergling x10  
  172  10:29  Mutalisk x6, Infestation Pit  
  159  10:44  Zergling x2  
  159  10:45  Zergling x38  
  164  10:57  Zergling x12  
  170  11:05  Hive  
  170  11:16  Baneling x18  
  170  11:17  Baneling x9  
  170  11:23  Zergling x26  
  170  11:24  Zergling x10  
  188  11:43  Zergling x24  
  179  12:14  Zergling x26  
  179  12:15  Zergling x30  
Tags
 
Add a new tag
Caveats
  • Supply blocks, unpowered buildings, or Contaminate may cause inaccurate times.
  • Supply counts are checked every 10 seconds.